[Event "Titled Tuesday Blitz July 20 2021"]
[White "Siva Mahadevan"]
[Black "Arabidze, Meri"]
[WhiteFideId "25043153"]
[BlackFideId "13604040"]
[WhiteElo "2203"]
[BlackElo "2432"]
[Result "1-0"]
[Round "09"]
[TimeControl "180+1"]
[Date "2021.07.20"]
[WhiteClock "0:01:41"]
[BlackClock "0:00:01"]

1. e4 c6 2. d4 d5 3. e5 Bf5 4. c4 e6 5. Nc3 Ne7 6. Nge2 h5 7. h4 Nd7 8. Ng3 Bg6 9. Bg5 Qb6 10. Qd2 Nf5 11. Nxf5 Bxf5 12. cxd5 cxd5 13. Be2 f6 14. exf6 gxf6 15. Be3 a6 16. Rc1 Bd6 17. O-O Kf7 18. Bf4 Rag8 19. Na4 Bxf4 20. Qxf4 Qb4 21. Nc5 Nxc5 22. Rxc5 Rc8 23. Rfc1 Rxc5 24. Rxc5 Qe1+ 25. Bf1 Re8 26. Qh6 Re7 27. Qxh5+ Bg6 28. Qh6 Bd3 29. Rc1 Qe4 30. Bxd3 Qxd3 31. h5 Qf5 32. Rc8 e5 33. Qf8+ Ke6 34. Qg8+ Kd6 35. Rd8+ Kc7 36. Qxd5 Qb1+ 37. Kh2 Kb6 38. Qc5# 1-0


[Site "https://www.chess.com"]

[Event "Titled Tuesday Blitz July 20 2021"]
[White "Sliwicki, Damian"]
[Black "Manukyan, Artyom"]
[WhiteFideId "1127128"]
[BlackFideId "13305786"]
[WhiteElo "2149"]
[BlackElo "2034"]
[Result "1-0"]
[Round "09"]
[TimeControl "180+1"]
[Date "2021.07.21"]
[WhiteClock "0:00:07"]
[BlackClock "0:00:05"]

1. e4 e5 2. Nf3 Nc6 3. Bc4 Bc5 4. c3 Nf6 5. d3 d6 6. h3 a6 7. Bb3 h6 8. Nbd2 O-O 9. Nf1 Re8 10. Ng3 Be6 11. Nh2 d5 12. Qe2 Ba7 13. Ng4 dxe4 14. dxe4 Na5 15. Bxe6 Rxe6 16. Nf5 Nxg4 17. hxg4 Qd7 18. g5 Qb5 19. gxh6 Qxe2+ 20. Kxe2 g6 21. h7+ Kh8 22. Nh6 Rf8 23. b3 Nc6 24. Ng8 f5 25. Bh6 Rf7 26. exf5 gxf5 27. Bg5 Rxh7 28. Nf6 Rxh1 29. Rxh1+ Kg7 30. Rh6 Bc5 31. g3 Be7 32. Ne8+ Kf7 33. Rxe6 Kxe6 34. Nxc7+ Kd6 35. Ne8+ Kd7 36. Bxe7 Kxe8 37. Bc5 Kd7 38. Be3 Ke6 39. Kd3 Kd5 40. Bg5 Ke6 41. f3 Kd5 42. c4+ Ke6 43. Be3 Nb4+ 44. Ke2 Nc6 45. a3 Na5 46. Kd3 Nxb3 47. Bb6 Nc1+ 48. Kd2 Nb3+ 49. Kc3 Nc1 50. Kd2 Nb3+ 51. Kc2 Nd4+ 52. Bxd4 exd4 53. Kd3 Ke5 54. f4+ Ke6 55. Kxd4 Kd6 56. a4 b6 57. Kd3 Kc5 58. Kc3 a5 59. Kd3 Kb4 60. g4 fxg4 61. f5 Kc5 62. Ke4 Kd6 63. Kf4 g3 64. Kxg3 Ke5 65. Kg4 Kf6 66. Kf4 b5 67. cxb5 Ke7 68. b6 Kd6 1-0


[Site "https://www.chess.com"]

[Event "Titled Tuesday Blitz July 20 2021"]
[White "Spata, German"]
[Black "Nguyen, Quoc Hy"]
[WhiteFideId "113026"]
[BlackFideId "12410853"]
[WhiteElo "2238"]
[BlackElo "1975"]
[Result "0-1"]
[Round "09"]
[TimeControl "180+1"]
[Date "2021.07.21"]
[WhiteClock "0:00:18"]
[BlackClock "0:00:22"]

1. Nf3 d5 2. e3 Nf6 3. b3 Bg4 4. Bb2 Nbd7 5. Be2 e6 6. O-O Bd6 7. c4 c6 8. cxd5 exd5 9. d3 O-O 10. Nbd2 a5 11. a3 Qe7 12. Re1 h6 13. Qc2 Rfe8 14. Bf1 Ne5 15. Nxe5 Bxe5 16. Bxe5 Qxe5 17. Rab1 Re6 18. Be2 Bxe2 19. Rxe2 Ng4 20. Nf3 Qh5 21. h3 Ne5 22. Nxe5 Qxe5 23. d4 Qd6 24. b4 axb4 25. axb4 b5 26. Ree1 Ra4 27. Qc3 Rg6 28. Rec1 Qe6 29. Qc2 Qe7 30. Qc5 Qh4 31. Qc2 Qe7 32. Qc5 Qg5 33. g3 h5 0-1


[Site "https://www.chess.com"]

[Event "Titled Tuesday Blitz July 20 2021"]
[White "Stribuk, Artiom"]
[Black "Wieczorek, Zbigniew"]
[WhiteFideId "13515659"]
[BlackFideId "1102001"]
[WhiteElo "2224"]
[BlackElo "2299"]
[Result "0-1"]
[Round "09"]
[TimeControl "180+1"]
[Date "2021.07.21"]
[WhiteClock "0:00:01"]
[BlackClock "0:00:05"]

1. d4 g6 2. Nf3 Bg7 3. g3 Nf6 4. Bg2 d6 5. c4 O-O 6. Nc3 Nbd7 7. O-O e5 8. e4 Re8 9. Re1 exd4 10. Nxd4 Nc5 11. h3 Bd7 12. b4 Ne6 13. Be3 Nxd4 14. Bxd4 Qc8 15. Kh2 c5 16. bxc5 dxc5 17. Bxf6 Bxf6 18. Nd5 Bg7 19. e5 Bc6 20. f4 Qd8 21. Qb3 Qa5 22. Qb2 Rad8 23. Rad1 Qa4 24. Qb3 Qa5 25. Qe3 Ba4 26. Rb1 b6 27. h4 Rc8 28. Qa3 Qa6 29. Rbc1 Bb5 30. Qxa6 Bxa6 31. Bf3 Bb7 32. h5 Bc6 33. Kg2 Rcd8 34. Re2 b5 35. Nc7 Bxf3+ 36. Kxf3 Re7 37. Nxb5 a6 38. Nd6 Red7 39. hxg6 hxg6 40. Ne4 Rd3+ 41. Kg2 Ra3 42. Nxc5 Bf8 43. Ne4 Rd4 44. Rcc2 a5 45. c5 Raa4 46. c6 Rac4 47. c7 Rxe4 48. c8=Q Rxe2+ 49. Kf3 Rexc2 0-1


[Site "https://www.chess.com"]

[Event "Titled Tuesday Blitz July 20 2021"]
[White "Sukandar, Irine Kharisma"]
[Black "Gabrielian, Artur"]
[WhiteFideId "7101937"]
[BlackFideId "4131002"]
[WhiteElo "2313"]
[BlackElo "2523"]
[Result "1-0"]
[Round "09"]
[TimeControl "180+1"]
[Date "2021.07.21"]
[WhiteClock "0:01:06"]
[BlackClock "0:00:25"]

1. d4 Nf6 2. Bf4 d5 3. e3 e6 4. Nd2 Bd6 5. Bg3 O-O 6. Ngf3 c5 7. c3 Qc7 8. Ne5 Nbd7 9. f4 b6 10. Bd3 Bb7 11. O-O Ne4 12. Bxe4 dxe4 13. Qb1 f5 14. Ndc4 Bxe5 15. Nxe5 Nxe5 16. fxe5 cxd4 17. cxd4 Rac8 18. Rc1 Qd7 19. Be1 f4 20. Bb4 fxe3 21. Bxf8 Rxf8 22. Rf1 e2 23. Rxf8+ Kxf8 24. Qe1 Qxd4+ 25. Qf2+ Qxf2+ 26. Kxf2 e3+ 27. Kxe2 Bxg2 28. Kxe3 Bd5 29. a3 Ke7 30. Rc1 Kd7 31. Rf1 Ke7 32. Kd4 g5 33. Rf6 Bb3 34. Rh6 Bc2 35. Rh5 g4 36. Rg5 Bf5 37. Rg7+ Kd8 38. Rxa7 h5 39. Rb7 h4 40. Ke3 g3 41. hxg3 h3 42. Rxb6 Kc7 43. Rb4 1-0


[Site "https://www.chess.com"]

[Event "Titled Tuesday Blitz July 20 2021"]
[White "Taichman, Ori"]
[Black "Aradhya, Garg"]
[WhiteFideId "2804069"]
[BlackFideId "25006746"]
[WhiteElo "2227"]
[BlackElo "2146"]
[Result "1-0"]
[Round "09"]
[TimeControl "180+1"]
[Date "2021.07.20"]
[WhiteClock "0:00:20"]
[BlackClock "0:00:26"]

1. e4 e5 2. d4 exd4 3. Qxd4 Nc6 4. Qe3 Nf6 5. Nc3 g6 6. Bd2 Bg7 7. O-O-O O-O 8. Bc4 Na5 9. Be2 d5 10. exd5 Nxd5 11. Qc5 Bxc3 12. Bxc3 Qg5+ 13. Bd2 Qf5 14. Qxa5 b6 15. Qa3 Qxf2 16. Qf3 Qc5 17. Bh6 Nb4 18. Bd3 Rd8 19. Qf6 Qd4 20. Qxd4 Rxd4 21. Nf3 Nxd3+ 22. Rxd3 Rxd3 23. cxd3 Bf5 24. d4 a5 25. Re1 Be6 26. Ng5 Bxa2 27. Re7 Bd5 28. Rxc7 Re8 29. g3 a4 30. Kd2 b5 31. Ra7 b4 32. Rxa4 f6 33. Nh3 g5 34. Ra7 Bc4 35. Rg7+ Kh8 36. Rc7 Bd5 37. Nf2 Kg8 38. Ng4 Re6 39. Rg7+ Kf8 40. Rd7+ Ke8 41. Rxd5 1-0


[Site "https://www.chess.com"]

[Event "Titled Tuesday Blitz July 20 2021"]
[White "Timmermans, Mark"]
[Black "Lazavik, Denis"]
[WhiteFideId "1026399"]
[BlackFideId "13515110"]
[WhiteElo "2460"]
[BlackElo "2436"]
[Result "0-1"]
[Round "09"]
[TimeControl "180+1"]
[Date "2021.07.20"]
[WhiteClock "0:00:17"]
[BlackClock "0:00:12"]

1. b4 e5 2. Bb2 Bxb4 3. Bxe5 Nf6 4. Nc3 c6 5. a3 Be7 6. e3 d5 7. Nf3 O-O 8. Be2 Bg4 9. O-O Nbd7 10. Bg3 Nc5 11. Rb1 Qc8 12. Nd4 Bxe2 13. Qxe2 Nfe4 14. Nxe4 Nxe4 15. a4 c5 16. Nb5 Qc6 17. d3 Nxg3 18. hxg3 Bf6 19. e4 Rfe8 20. exd5 Qxd5 21. Qf3 Qd7 22. Qf4 Be5 23. Qh4 Re6 24. Qg4 Rae8 25. Na3 g6 26. Nc4 Bd4 27. a5 h5 28. Qf3 R8e7 29. Kh2 Rf6 30. Qd1 Qc7 31. Qd2 h4 32. Rbe1 Rxe1 33. Qxe1 Rxf2 34. Qe8+ Kg7 35. Rxf2 hxg3+ 36. Kg1 gxf2+ 37. Kf1 Qh2 0-1


[Site "https://www.chess.com"]

[Event "Titled Tuesday Blitz July 20 2021"]
[White "Timofeev, Artyom"]
[Black "Samsonkin, Artiom"]
[WhiteFideId "4140419"]
[BlackFideId "13503111"]
[WhiteElo "2582"]
[BlackElo "2513"]
[Result "1-0"]
[Round "09"]
[TimeControl "180+1"]
[Date "2021.07.20"]
[WhiteClock "0:00:10"]
[BlackClock "0:00:05"]

1. c4 Nf6 2. Nc3 e6 3. Nf3 d5 4. e3 Be7 5. b3 O-O 6. Bb2 b6 7. cxd5 exd5 8. d4 Bb7 9. Bd3 c5 10. O-O Nc6 11. Ne2 Bd6 12. Ng3 Ne7 13. dxc5 bxc5 14. Bxf6 gxf6 15. Nh4 Ng6 16. Nhf5 Re8 17. Nxd6 Qxd6 18. Nf5 Qd7 19. Rc1 c4 20. Bb1 Rad8 21. Qh5 Kh8 22. Rfd1 Rg8 23. bxc4 Rc8 24. c5 d4 25. Rxd4 Qe6 26. Ng3 Rgd8 27. Bf5 Qc6 28. Be4 Qc7 29. Bxb7 Qxb7 30. Rxd8+ Rxd8 31. h3 Qb2 32. Rf1 Rc8 33. Qf5 Rc7 34. Ne4 Qe5 35. Qxe5 fxe5 36. Rc1 Kg7 37. Nd6 Kf8 38. Nb5 Rb7 39. Nd6 Rc7 40. Nb5 Rb7 41. Nc3 Rc7 42. Nd5 Rd7 43. Nb4 a5 44. c6 Rd2 45. c7 Ne7 46. c8=Q+ Nxc8 47. Rxc8+ Kg7 48. Nc6 Rxa2 49. Nxe5 a4 50. Ra8 a3 51. g4 Ra1+ 52. Kg2 Kf6 53. Nd3 Ke6 54. Nb4 f5 55. Nc2 Rc1 56. Nxa3 fxg4 57. hxg4 Ra1 58. Ra7 Ke5 59. Nb5 Rb1 60. Nd4 1-0


[Site "https://www.chess.com"]

[Event "Titled Tuesday Blitz July 20 2021"]
[White "Tin, Jingyao"]
[Black "Ahmadzada, Ahmad"]
[WhiteFideId "5804418"]
[BlackFideId "13413007"]
[WhiteElo "2374"]
[BlackElo "2226"]
[Result "1-0"]
[Round "09"]
[TimeControl "180+1"]
[Date "2021.07.20"]
[WhiteClock "0:00:08"]
[BlackClock "0:00:05"]

1. d4 Nf6 2. c4 Nc6 3. Nf3 e6 4. g3 Bb4+ 5. Bd2 Qe7 6. Nc3 O-O 7. Bg2 Bxc3 8. Bxc3 Ne4 9. Qc2 Nxc3 10. Qxc3 d6 11. O-O e5 12. d5 Nd8 13. c5 b6 14. cxd6 cxd6 15. Rfc1 f5 16. Nd2 Ba6 17. e3 Nb7 18. b4 Bb5 19. Qc7 Rf7 20. Qxe7 Rxe7 21. Bf1 Be8 22. a3 Bf7 23. Bc4 Rc7 24. Bb3 Rac8 25. Rxc7 Rxc7 26. Kf1 Kf8 27. Ke2 Rc3 28. Rb1 Ke7 29. Nf1 a5 30. Kd2 Rc7 31. Rc1 Rxc1 32. Kxc1 Nd8 33. Kc2 Kd7 34. Nd2 axb4 35. axb4 Kc7 36. f4 e4 37. Kc3 Be8 38. Kd4 Nf7 39. g4 g6 40. g5 Bb5 41. h4 Kd7 42. Bd1 Kc7 43. h5 Nd8 44. h6 Be8 45. Be2 Nf7 46. Bc4 Nd8 47. Nb1 Nf7 48. Nc3 Nd8 49. Be2 Nb7 50. Ba6 Nd8 51. Be2 Nb7 52. Bb5 Bf7 53. Bc6 Bg8 54. Nb5+ Kb8 55. Bxb7 Kxb7 56. Nxd6+ Kc7 57. Ne8+ Kd8 58. Nf6 Bf7 59. Nxh7 Ke7 60. Nf6 Kf8 61. Ke5 1-0


[Site "https://www.chess.com"]

[Event "Titled Tuesday Blitz July 20 2021"]
[White "Tokman, Ariel"]
[Black "Oliveira, Silvio Eduardo"]
[WhiteFideId "117420"]
[BlackFideId "2111560"]
[WhiteElo "2345"]
[BlackElo "2302"]
[Result "0-1"]
[Round "09"]
[TimeControl "180+1"]
[Date "2021.07.21"]
[WhiteClock "0:00:06"]
[BlackClock "0:00:19"]

1. c4 e6 2. Nf3 d5 3. e3 Nf6 4. b3 b6 5. Bb2 Bb7 6. Be2 Bd6 7. O-O Nbd7 8. d3 c5 9. Nbd2 O-O 10. a3 Re8 11. Ra2 e5 12. cxd5 Nxd5 13. Qa1 Qe7 14. Rb1 a5 15. Ne4 Bc7 16. Nc3 Nxc3 17. Bxc3 Nf6 18. b4 axb4 19. axb4 Nd5 20. Bd2 Nxb4 21. Bxb4 cxb4 22. Rxa8 Rxa8 23. Qb2 Bd6 24. Nd2 Bd5 25. Bf3 Bxf3 26. Nxf3 e4 27. dxe4 Qxe4 28. Nd4 Bc5 29. Nc2 Rd8 30. Qc1 h6 31. h3 Qc4 32. Na1 Qe2 33. Nb3 Rd3 34. Nxc5 Rc3 0-1


[Site "https://www.chess.com"]

[Event "Titled Tuesday Blitz July 20 2021"]
[White "Tologon tegin, Semetei"]
[Black "Mohammad Fahad, Rahman"]
[WhiteFideId "13800574"]
[BlackFideId "10207791"]
[WhiteElo "2224"]
[BlackElo "2323"]
[Result "1-0"]
[Round "09"]
[TimeControl "180+1"]
[Date "2021.07.21"]
[WhiteClock "0:00:05"]
[BlackClock "0:00:06"]

1. d4 Nf6 2. c4 e6 3. Nc3 Bb4 4. e3 O-O 5. Ne2 d5 6. a3 Be7 7. cxd5 exd5 8. Nf4 Bf5 9. Qb3 c5 10. Qxb7 cxd4 11. exd4 Nbd7 12. Be2 Nb6 13. O-O Bc8 14. Qc6 Bd7 15. Qb7 Bc8 16. Qc6 Rb8 17. Qb5 Bf5 18. Qa6 Qd7 19. Bb5 Qc7 20. Bd3 Bc8 21. Qa5 a6 22. Be3 Bd6 23. g3 Ng4 24. Bd2 Be6 25. Rac1 Qd7 26. Rfe1 Nf6 27. Qxa6 Bg4 28. Bf1 Bf3 29. Qd3 Be4 30. Nxe4 dxe4 31. Qb5 Qg4 32. Bh3 Qf3 33. Re3 Bxf4 34. Rxf3 Bxd2 35. Rd1 exf3 36. Rxd2 Ne4 37. Rd1 Nd6 38. Qd3 Nbc4 39. Qxf3 Nxb2 40. Rb1 Ndc4 41. Qc3 Rfd8 42. Bf1 Na4 43. Rxb8 Rxb8 44. Qxc4 Nb2 45. Qc7 Rf8 46. Bb5 Nd1 47. Qc2 Rb8 48. a4 Ne3 49. fxe3 g6 50. Qc6 Kg7 51. a5 h5 52. a6 Rd8 53. Qc7 Rd7 54. Qxd7 h4 55. a7 hxg3 56. a8=Q gxh2+ 57. Kxh2 Kh6 58. Qh8+ Kg5 59. Qe7+ Kg4 60. Be2+ Kf5 61. Qee5# 1-0


[Site "https://www.chess.com"]

[Event "Titled Tuesday Blitz July 20 2021"]
[White "Trent, Lawrence"]
[Black "Pakleza, Zbigniew"]
[WhiteFideId "408638"]
[BlackFideId "1119290"]
[WhiteElo "2474"]
[BlackElo "2526"]
[Result "0-1"]
[Round "09"]
[TimeControl "180+1"]
[Date "2021.07.20"]
[WhiteClock "0:00:06"]
[BlackClock "0:00:14"]

1. e4 d6 2. d4 Nf6 3. Nc3 c6 4. h3 b5 5. a3 e5 6. Nf3 Nbd7 7. g4 Bb7 8. Bg2 Be7 9. O-O O-O 10. dxe5 dxe5 11. g5 Ne8 12. Be3 Nc7 13. Qd2 Ne6 14. Rad1 Nb6 15. Qxd8 Rfxd8 16. h4 f6 17. Bh3 Kf7 18. Bc1 Nc4 19. Ne2 a5 20. Kh2 a4 21. Kg3 Nc5 22. Nc3 Nd6 23. Rde1 Bc8 24. Bxc8 Raxc8 25. Kg4 Ne6 26. Be3 Nc4 27. Bc1 Nd6 28. Be3 Nc4 29. Bc1 Nd4 30. Nxd4 exd4 31. Nd1 d3 32. cxd3 Ne5+ 33. Kh3 Nxd3 34. Ne3 Nxe1 35. Rxe1 fxg5 36. Ng4 gxh4 37. Ne5+ Ke6 38. f4 g6 39. Kg4 Bf6 40. Nf3 h5+ 41. Kh3 Rd3 42. Kg2 Rcd8 43. Be3 Rb3 44. Re2 Rxb2 45. f5+ gxf5 46. exf5+ Kf7 47. Ng5+ Bxg5 48. Rxb2 Bxe3 49. Re2 0-1


[Site "https://www.chess.com"]

[Event "Titled Tuesday Blitz July 20 2021"]
[White "Tristan, Leonardo"]
[Black "Harshavardhan G B"]
[WhiteFideId "113816"]
[BlackFideId "25059009"]
[WhiteElo "2404"]
[BlackElo "1825"]
[Result "1-0"]
[Round "09"]
[TimeControl "180+1"]
[Date "2021.07.21"]
[WhiteClock "0:00:56"]
[BlackClock "0:00:21"]

1. d4 d5 2. Bf4 Nf6 3. e3 Bf5 4. c4 c6 5. Nc3 e6 6. Qb3 Qb6 7. c5 Qxb3 8. axb3 Nbd7 9. h3 a6 10. b4 Rc8 11. Nf3 h6 12. Nd2 Be7 13. Nb3 Bd8 14. Be2 Nf8 15. Na5 Bxa5 16. bxa5 Ng6 17. Bd6 Ne7 18. Ra4 Rd8 19. Rb4 Rd7 20. Kd2 Nc8 21. Be5 Ke7 22. Ra1 Ne8 23. Ra3 f6 24. Bh2 Na7 25. Rb6 Nc8 26. Rb4 Na7 27. Rab3 Nb5 28. Nxb5 axb5 29. Bxb5 cxb5 30. Rxb5 e5 31. Rxb7 Nc7 32. c6 Rd6 33. Rxc7+ Ke6 34. Rbb7 Bb1 35. g4 Re8 36. f4 Rdd8 37. fxe5 fxe5 38. Bxe5 Ra8 39. b4 g5 40. Rf7 Rf8 41. Rbe7# 1-0


[Site "https://www.chess.com"]

[Event "Titled Tuesday Blitz July 20 2021"]
[White "Tsotsonava, Elene"]
[Black "Arkell, Keith C"]
[WhiteFideId "13615939"]
[BlackFideId "400270"]
[WhiteElo "1847"]
[BlackElo "2398"]
[Result "0-1"]
[Round "09"]
[TimeControl "180+1"]
[Date "2021.07.21"]
[WhiteClock "0:00:56"]
[BlackClock "0:02:00"]

1. e4 c6 2. d4 d5 3. e5 c5 4. dxc5 Nc6 5. Nf3 Bg4 6. c3 Bxf3 7. Qxf3 e6 8. Be3 Nxe5 9. Bb5+ Nc6 10. Na3 Nf6 11. O-O Be7 12. Rfd1 O-O 13. c4 a6 14. cxd5 Nxd5 15. Bc4 Ne5 16. Qg3 Nxc4 17. Nxc4 Qc8 18. Rxd5 exd5 19. Nb6 Qf5 20. Nxa8 Rxa8 21. Rd1 Bf6 22. b4 Re8 23. Qc7 d4 24. Qxb7 dxe3 25. fxe3 Qc2 26. Rd7 Qb1+ 27. Kf2 Qxa2+ 28. Kf3 Qb3 29. c6 Qxe3+ 30. Kg4 Re4+ 31. Kf5 Qf4# 0-1


[Site "https://www.chess.com"]

[Event "Titled Tuesday Blitz July 20 2021"]
[White "Turgut, Aydin"]
[Black "Pichot, Alan"]
[WhiteFideId "2078791"]
[BlackFideId "110973"]
[WhiteElo "2138"]
[BlackElo "2622"]
[Result "0-1"]
[Round "09"]
[TimeControl "180+1"]
[Date "2021.07.20"]
[WhiteClock "0:00:13"]
[BlackClock "0:00:52"]

1. e4 c5 2. Nf3 e6 3. d4 cxd4 4. Nxd4 Nc6 5. Nc3 Qc7 6. Be2 a6 7. O-O Nf6 8. Be3 Be7 9. f4 d6 10. Kh1 O-O 11. Qe1 Nxd4 12. Bxd4 b5 13. Qg3 Bb7 14. a3 Bc6 15. Rae1 Qb7 16. Bd3 b4 17. Nd1 bxa3 18. bxa3 Rfe8 19. Nf2 Nh5 20. Qe3 Nxf4 21. Qxf4 e5 22. Bxe5 dxe5 23. Qg3 Kh8 24. Ng4 f6 25. Rb1 Qd7 26. Rfd1 Rab8 27. Ne3 Rxb1 28. Rxb1 Bc5 29. Nc4 Rd8 30. h3 Bb5 31. Qf3 Qd4 32. Qe2 h6 33. Kh2 f5 34. Nd2 Bxd3 35. cxd3 Qxd3 36. Qxd3 Rxd3 37. Nf3 fxe4 38. Nxe5 Bd6 39. g3 Bxe5 40. Kg2 Rxg3+ 41. Kf2 Rxa3 42. Rb7 Rxh3 43. Re7 Bf6 44. Rxe4 Ra3 45. Re6 a5 46. Rc6 a4 47. Ke2 Ra2+ 48. Kd1 a3 49. Kc1 Ra1+ 50. Kc2 a2 51. Rc8+ Kh7 52. Ra8 Rc1+ 53. Kd3 a1=Q 54. Ke4 Qxa8+ 55. Kd3 Qf3+ 56. Kd2 Qc3+ 57. Ke2 Re1+ 58. Kf2 Qe3+ 59. Kg2 Rg1+ 60. Kh2 Qg3# 0-1


[Site "https://www.chess.com"]

[Event "Titled Tuesday Blitz July 20 2021"]
[White "ValeriyGrinev"]
[Black "Kamsky, Gata"]
[BlackFideId "2000024"]
[WhiteElo "2635"]
[BlackElo "2644"]
[Result "0-1"]
[Round "09"]
[TimeControl "180+1"]
[Date "2021.07.20"]
[WhiteClock "0:00:15"]
[BlackClock "0:01:38"]

1. d4 Nf6 2. c4 e6 3. g3 d5 4. Nf3 Bb4+ 5. Bd2 Be7 6. Bg2 O-O 7. O-O Nbd7 8. Qc2 c6 9. Bf4 a5 10. Nbd2 b5 11. b3 Ba6 12. Ne5 Nxe5 13. Bxe5 Ng4 14. cxd5 Nxe5 15. dxe5 cxd5 16. Nf3 b4 17. Rac1 Rc8 18. Qd2 Qb6 19. Nd4 Bc5 20. Nf3 Rc7 21. Nh4 Rfc8 22. Rcd1 Qa7 23. Nf3 Bb6 24. Nd4 Bxd4 25. Qxd4 Qxd4 26. Rxd4 Bxe2 27. Re1 Rc1 0-1


[Site "https://www.chess.com"]

[Event "Titled Tuesday Blitz July 20 2021"]
[White "Vdovin, Vadim"]
[Black "Perez Gormaz, Matias"]
[WhiteFideId "24107158"]
[BlackFideId "3406342"]
[WhiteElo "2406"]
[BlackElo "2414"]
[Result "1-0"]
[Round "09"]
[TimeControl "180+1"]
[Date "2021.07.20"]
[WhiteClock "0:00:30"]
[BlackClock "0:00:01"]

1. e4 c5 2. Nf3 d6 3. d4 cxd4 4. Nxd4 Nf6 5. f3 Nc6 6. Nc3 g6 7. Be3 Bg7 8. Qd2 O-O 9. O-O-O d5 10. exd5 Nxd5 11. Nxc6 bxc6 12. Bd4 e5 13. Bc5 Re8 14. Ne4 Rb8 15. Bc4 Be6 16. Bb3 h6 17. h4 a5 18. h5 g5 19. g4 Nf4 20. Qf2 Qc7 21. Bd6 Qb6 22. Bxb8 Qxb8 23. Kb1 Bd5 24. Rhe1 Qb4 25. Qc5 Qxc5 26. Nxc5 Bxf3 27. Rd7 Bd5 28. Ne4 Be6 29. Rc7 Bd5 30. Nd6 Rf8 31. c4 Be6 32. Rxc6 Bxg4 33. c5 Be6 34. Ne4 Bf5 35. Bc2 Ne6 36. Nf6+ Bxf6 37. Bxf5 Be7 38. Bxe6 fxe6 39. Rxe5 Kf7 40. Rexe6 g4 41. Rxh6 Bf6 42. Rcxf6+ 1-0


[Site "https://www.chess.com"]

[Event "Titled Tuesday Blitz July 20 2021"]
[White "Vlassov, Nikolai"]
[Black "Leitao, Rafael"]
[WhiteFideId "4103360"]
[BlackFideId "2101246"]
[WhiteElo "2407"]
[BlackElo "2609"]
[Result "0-1"]
[Round "09"]
[TimeControl "180+1"]
[Date "2021.07.21"]
[WhiteClock "0:00:04"]
[BlackClock "0:00:23"]

1. e4 e5 2. Bc4 Nf6 3. d3 c6 4. Nf3 d5 5. Bb3 Bb4+ 6. c3 Bd6 7. Bg5 dxe4 8. dxe4 O-O 9. Nbd2 Qe7 10. Qe2 Na6 11. Nc4 Bc7 12. Ne3 Nc5 13. Nd2 Nxb3 14. axb3 Qe6 15. O-O Nd7 16. Nf5 f6 17. Be3 Kh8 18. Qc4 Nb6 19. Qxe6 Bxe6 20. Bxb6 axb6 21. Nc4 g6 22. Nfe3 b5 23. Nd2 Rfd8 24. Rxa8 Rxa8 25. f3 Kg7 26. Kf2 Ra2 27. Rb1 Kf7 28. Ke2 Ke7 29. Nc2 Ra8 30. Ra1 Rxa1 31. Nxa1 f5 32. b4 Bb6 33. Nc2 Bg1 34. h3 f4 35. Na3 Bb6 36. b3 Kf6 37. c4 Bd7 38. c5 Bd8 39. Nc2 Kg5 40. Ne1 Be6 41. Nd3 Bf6 42. Kf2 Kh4 43. Nc1 g5 44. Nd3 h5 45. Nc1 g4 46. hxg4 hxg4 47. Nd3 Kh5 48. Nc1 Kg6 49. Nd3 Bh4+ 50. Ke2 Kf6 51. Nc1 Bg3 52. Kd3 Bf2 53. Ke2 Be3 54. Kd3 Kg5 55. Ke2 Kh4 56. Nd3 Kg3 57. Nxe5 Kxg2 58. fxg4 Bxd2 59. Kxd2 f3 60. Nxf3 Kxf3 61. g5 Kxe4 62. g6 Kd4 0-1


[Site "https://www.chess.com"]

[Event "Titled Tuesday Blitz July 20 2021"]
[White "Vukovic, Zdravko"]
[Black "Nguyen, Hong Ngoc"]
[WhiteFideId "900877"]
[BlackFideId "12403083"]
[WhiteElo "2590"]
[BlackElo "1830"]
[Result "1-0"]
[Round "09"]
[TimeControl "180+1"]
[Date "2021.07.21"]
[WhiteClock "0:00:53"]
[BlackClock "0:00:06"]

1. e4 d6 2. d4 Nf6 3. Nc3 g6 4. Nf3 Bg7 5. Be2 O-O 6. O-O Nc6 7. d5 Ne5 8. Nxe5 dxe5 9. f4 Ne8 10. f5 Nd6 11. g4 e6 12. fxe6 fxe6 13. Rxf8+ Bxf8 14. Be3 Bg7 15. Qd2 Qe8 16. Rf1 a6 17. Bh6 Nf7 18. Bxg7 Kxg7 19. Bc4 Qe7 20. Bb3 Bd7 21. h3 Rf8 22. Kg2 Nd6 23. Rxf8 Kxf8 24. Qh6+ Kg8 25. dxe6 Bxe6 26. Nd5 Qf7 27. Qe3 c6 28. Qc5 Nxe4 29. Ne7+ Kf8 30. Nxg6+ Ke8 31. Bxe6 Nxc5 32. Bxf7+ Kxf7 33. Nxe5+ Ke6 34. Nd3 Ne4 35. Kf3 Nd2+ 36. Kf4 Nc4 37. b3 Nd6 38. c4 b6 39. h4 c5 40. h5 h6 41. g5 hxg5+ 42. Kxg5 Kf7 43. h6 Ne4+ 44. Kf5 Nc3 45. Ne5+ Kg8 46. Kg6 Ne4 47. h7+ Kh8 48. Nf7# 1-0


[Site "https://www.chess.com"]

[Event "Titled Tuesday Blitz July 20 2021"]
[White "Vyatkin, Dmitry"]
[Black "Omk124"]
[WhiteFideId "4171900"]
[WhiteElo "2279"]
[BlackElo "2560"]
[Result "0-1"]
[Round "09"]
[TimeControl "180+1"]
[Date "2021.07.21"]
[WhiteClock "0:00:01"]
[BlackClock "0:00:07"]

1. d4 Nf6 2. c4 g6 3. g3 Bg7 4. Bg2 d5 5. cxd5 Nxd5 6. Nc3 Nb6 7. Nf3 O-O 8. O-O Nc6 9. e3 a5 10. a3 Re8 11. Qc2 Bf5 12. e4 Bg4 13. d5 Bxf3 14. Bxf3 Nd4 15. Qd1 Nxf3+ 16. Qxf3 Nc4 17. Qe2 Nd6 18. Bd2 e6 19. dxe6 Rxe6 20. Rad1 Qe8 21. f3 c6 22. Bf4 Nf5 23. Qf2 Ne7 24. Rd2 f5 25. Rfd1 fxe4 26. Nxe4 Nd5 27. Bg5 h6 28. Be3 Qf7 29. Bd4 Rf8 30. Bxg7 Kxg7 31. Qd4+ Kh7 32. f4 Rfe8 33. Re2 Qe7 34. Rde1 Qf7 35. Nc3 Nxc3 36. Rxe6 Rxe6 37. Rxe6 Qxe6 38. Qxc3 h5 39. Qxa5 Qb3 40. Qc3 Qd1+ 41. Kf2 Qd5 42. b4 b5 43. h4 Qh1 44. Ke3 Qg1+ 45. Ke4 Qg2+ 46. Ke5 Qd5+ 47. Kf6 Qd6+ 48. Kf7 Qd7+ 49. Kf8 Qa7 50. Qxc6 Qb8+ 51. Ke7 Qa7+ 52. Kd6 Qxa3 53. Qxb5 Qxg3 54. Qe5 Qxh4 55. Kc6 Qh1+ 56. Kc7 h4 57. b5 h3 58. b6 h2 59. b7 Qc1+ 60. Kd7 h1=Q 61. b8=Q Qhc6+ 0-1


[Site "https://www.chess.com"]

[Event "Titled Tuesday Blitz July 20 2021"]
[White "Woodward, Andy"]
[Black "Zhigalko, Sergei"]
[WhiteFideId "30953499"]
[BlackFideId "13502956"]
[WhiteElo "2137"]
[BlackElo "2662"]
[Result "0-1"]
[Round "09"]
[TimeControl "180+1"]
[Date "2021.07.20"]
[WhiteClock "0:00:04"]
[BlackClock "0:00:04"]

1. d4 Nf6 2. c4 e6 3. Nc3 Bb4 4. Qc2 O-O 5. a3 Bxc3+ 6. Qxc3 d6 7. f3 d5 8. Bg5 h6 9. Bh4 c5 10. e3 cxd4 11. exd4 Nc6 12. O-O-O Bd7 13. Kb1 Rc8 14. c5 Re8 15. Bb5 b6 16. Ne2 bxc5 17. dxc5 Rb8 18. Bxf6 gxf6 19. Bxc6 Bxc6 20. Nd4 Ba4 21. Rc1 Qc7 22. Rhe1 Rb7 23. Ka1 Reb8 24. Rb1 Bb3 25. Nxe6 fxe6 26. Rxe6 d4 27. Qe1 Bxe6 28. Qxe6+ Qf7 29. Qg4+ Qg7 30. Qxd4 f5 31. Qd2 Rb3 32. Ka2 Qf7 33. Ka1 Qf6 34. Ka2 Qe6 35. Ka1 a6 36. h4 Kh8 37. h5 Qe3 38. Qc2 Qe5 39. Ka2 Qd5 40. Ka1 a5 41. Qc1 Kg7 42. Ka2 Rc3+ 43. b3 Rxc1 44. Rb2 Rc3 45. a4 Rcxb3 46. Kb1 Rxb2+ 47. Kc1 Qd2# 0-1


[Site "https://www.chess.com"]

[Event "Titled Tuesday Blitz July 20 2021"]
[White "Yaran, Siar"]
[Black "Ibrahimli, Murad"]
[WhiteFideId "6323006"]
[BlackFideId "13410229"]
[WhiteElo "1977"]
[BlackElo "2109"]
[Result "0-1"]
[Round "09"]
[TimeControl "180+1"]
[Date "2021.07.20"]
[WhiteClock "0:00:01"]
[BlackClock "0:00:04"]

1. e4 d5 2. exd5 Qxd5 3. Nc3 Qa5 4. b4 Qxb4 5. Rb1 Qd6 6. Nf3 Nf6 7. d4 c6 8. Bd3 g6 9. O-O Bg7 10. Re1 O-O 11. Bg5 b6 12. h3 Be6 13. Qd2 Bd5 14. Bf4 Qd8 15. Ne5 Nfd7 16. Ng4 Be6 17. Rxe6 fxe6 18. Bc4 Kh8 19. Bxe6 Na6 20. Bh6 Nc7 21. Re1 Nxe6 22. Rxe6 Nf6 23. Ne5 Rc8 24. Bxg7+ Kxg7 25. Nxc6 Rxc6 26. Rxc6 Qd7 27. d5 Rd8 28. Qe3 Rf8 29. Re6 Rf7 30. Qe5 Kg8 31. g4 Ne8 32. Ne4 Nc7 33. Ng5 Nxe6 34. dxe6 Qd1+ 35. Kg2 Rf6 36. Qb8+ Kg7 37. Qb7 Qd6 38. Ne4 Qxe6 39. Nxf6 Kxf6 40. Qf3+ Kg7 41. a3 Qf6 42. Kg3 Qd6+ 43. Kg2 g5 44. Qc3+ Qf6 45. Qd3 Qe5 46. Kf3 h6 47. Qe3 Kf6 48. Qd3 Qh2 49. Ke2 Qe5+ 50. Kf3 Qc5 0-1


[Site "https://www.chess.com"]